Map: New Repugnancy LE

Players

HeRoMaRinE - Winner!

  • Race: Terran Terran
  • Spawn Location: 1:00

SortOf

  • Race: Zerg Zerg
  • League: Diamond
  • Spawn Location: 7:00

Event: 2019 WCS Summer

VOD

Have the link to the VOD?

Description

Time

  • Played on: July 13, 2019, 11:11 a.m.
  • Length: 8:34

All games in this series

Show
View Real Time Build Order
Export as new Build Order

HeRoMaRinE Terran - Winner!

Build Orders: Gas First Reaper Expand 

Get SALT Encoding   

  12  0:00  SCV  
  13  0:12  SCV  
  14  0:17  Supply Depot  
  14  0:24  SCV  
  15  0:28  Refinery  
  15  0:38  SCV  
  16  0:44  Barracks  
  16  0:50  SCV  
  17  1:03  SCV  
  18  1:15  SCV  
  19  1:31  Orbital Command, Reaper  
  20  1:43  Command Center  
  20  1:53  Factory  
  20  1:58  SCV  
  21  2:06  Barracks Reactor  
  21  2:10  SCV  
  21  2:14  Supply Depot  
  22  2:19  Refinery  
  22  2:22  SCV  
  23  2:36  SCV  
  24  2:44  Starport  
  24  2:47  Hellion x2  
  24  2:48  SCV  
  29  2:56  Orbital Command  
  29  3:00  SCV  
  30  3:08  Hellion  
  30  3:10  Hellion  
  30  3:12  SCV  
  35  3:14  Marine  
  36  3:24  SCV  
  36  3:26  SCV  
  38  3:27  Fusion Core  
  38  3:36  SCV  
  38  3:38  SCV  
  38  3:39  Supply Depot  
  40  3:43  Starport Tech Lab  
  40  3:48  SCV  
  40  3:51  SCV  
  42  4:00  SCV  
  42  4:01  Supply Depot  
  43  4:03  SCV  
  44  4:14  Battlecruiser  
  44  4:15  Hellion x2  
  44  4:17  Barracks Tech Lab  
  54  4:23  SCV x2  
  56  4:25  Supply Depot  
  56  4:35  SCV x2  
  56  4:36  Marine  
  56  4:37  Stimpack  
  56  4:38  Refinery  
  59  4:39  Barracks  
  59  4:41  Barracks  
  59  4:47  Factory Reactor, SCV x2  
  59  4:52  Engineering Bay  
  61  4:54  Marine, Supply Depot  
  61  4:59  SCV x2  
  64  5:11  SCV x2  
  64  5:12  Marine  
  67  5:17  Refinery, Supply Depot  
  67  5:19  Terran Infantry Weapons Level 1  
  67  5:23  SCV x2  
  67  5:28  Starport Reactor  
  69  5:30  Marine  
  69  5:31  Supply Depot  
  69  5:35  SCV x2  
  72  5:38  Marine  
  72  5:39  Marine  
  74  5:47  Marine x2  
  74  5:48  Siege Tank, Marine  
  82  5:56  Marine x2  
  84  5:59  Supply Depot  
  82  6:05  Marine x2, Medivac x2  
  82  6:06  Barracks  
  82  6:08  Barracks  
  82  6:10  Marine  
  89  6:12  Supply Depot  
  89  6:17  Marine x2  
  91  6:23  Siege Tank, Marine x2  
  96  6:28  Marine  
  97  6:34  Marine  
  97  6:35  Marine, Supply Depot, Medivac  
  97  6:39  Medivac  
  103  6:41  Marine x2  
  103  6:46  Marine  
  106  6:48  Combat Shield  
  106  6:52  Marine  
  107  6:55  Siege Tank  
  107  6:59  Marine x2  
  101  7:09  Marine x2  
  101  7:10  Marine x2  
  101  7:11  Marine  
  101  7:14  Medivac  
  101  7:15  Medivac  
  104  7:17  Marine x2  
  98  7:27  Siege Tank, Marine x2  
  98  7:28  Marine x2  
  98  7:29  Marine, Liberator  
  106  7:34  Marine  
  106  7:35  Marine  
  108  7:44  Marine  
  108  7:45  Marine  
  108  7:46  Marine x2  
  108  7:47  Marine  
  116  7:52  Supply Depot x2  
  116  7:55  Marine x2  
  121  8:02  Marine x2  
  121  8:04  Marine x2  
  121  8:05  Marine  
  126  8:13  Marine x2  
Show
View Real Time Build Order
Export as new Build Order

SortOf Zerg 

Build Orders: Hatch First 

Get SALT Encoding   

  12  0:00  Drone  
  13  0:12  Overlord  
  13  0:17  Drone  
  14  0:31  Drone x2  
  16  0:48  Hatchery  
  15  0:51  Drone  
  15  0:55  Drone  
  17  0:57  Drone  
  18  1:10  Extractor  
  17  1:13  Spawning Pool  
  17  1:16  Drone  
  17  1:20  Drone  
  18  1:28  Drone  
  19  1:39  Drone  
  20  1:49  Overlord  
  20  2:00  Queen x2  
  20  2:01  Zergling x4  
  26  2:10  Drone  
  26  2:11  Drone  
  28  2:21  Drone  
  28  2:22  Overlord  
  29  2:35  Drone, Queen  
  32  2:39  Metabolic Boost  
  32  2:44  Drone  
  32  2:47  Queen  
  32  2:48  Drone x2  
  37  2:54  Overlord  
  37  2:56  Drone  
  38  3:04  Drone  
  39  3:10  Drone x3  
  39  3:11  Drone  
  43  3:19  Extractor  
  43  3:27  Hatchery  
  43  3:28  Drone  
  43  3:29  Queen  
  46  3:34  Drone  
  46  3:35  Zergling x4  
  46  3:40  Overlord  
  48  3:45  Drone  
  49  3:50  Drone  
  49  3:51  Drone  
  51  3:57  Lair  
  51  3:58  Drone x6  
  57  4:03  Overlord  
  57  4:05  Queen  
  59  4:14  Overlord  
  59  4:19  Extractor, Baneling Nest  
  59  4:23  Drone  
  58  4:24  Overlord  
  58  4:27  Drone  
  58  4:30  Drone  
  60  4:32  Overlord  
  60  4:34  Drone  
  60  4:35  Zergling x2  
  62  4:39  Queen  
  62  4:40  Drone x5  
  69  4:47  Drone  
  69  4:51  Drone, Spore Crawler  
  69  5:00  Zergling x8, Drone  
  69  5:04  Overseer  
  74  5:07  Extractor  
  74  5:08  Drone x3  
  74  5:09  Extractor  
  75  5:14  Overseer  
  75  5:16  Drone x4  
  75  5:17  Centrifical Hooks  
  75  5:20  Drone x3  
  82  5:24  Drone  
  85  5:28  Drone x2  
  85  5:29  Evolution Chamber  
  85  5:30  Evolution Chamber, Extractor  
  85  5:35  Spore Crawler x2  
  79  5:37  Drone x4  
  79  5:41  Baneling x2  
  79  5:42  Drone x2  
  81  5:44  Spore Crawler  
  81  5:47  Queen  
  81  5:49  Drone x3  
  83  5:54  Drone x3  
  86  6:03  Hatchery  
  86  6:04  Overlord  
  85  6:09  Overlord  
  85  6:10  Extractor  
  84  6:12  Zerg Melee Weapons Level 1  
  84  6:15  Zerg Ground Armor Level 1, Overlord  
  84  6:17  Overlord  
  84  6:21  Overlord  
  84  6:25  Overlord  
  84  6:26  Overlord  
  84  6:29  Drone x2  
  84  6:30  Drone x2  
  84  6:31  Drone  
  89  6:34  Hydralisk Den  
  89  6:39  Baneling x4  
  88  6:41  Zergling x14  
  88  6:46  Drone x3  
  98  6:58  Zergling x16  
  98  7:00  Baneling x4  
  105  7:08  Zergling x4  
  96  7:11  Zergling x2  
  96  7:12  Queen x2  
  99  7:20  Drone x3  
  100  7:23  Drone x5  
  105  7:32  Zergling x6  
  107  7:43  Infestation Pit  
  106  7:47  Zergling x14  
  106  7:48  Baneling x12  
  106  7:50  Overlord  
  113  7:54  Zergling x10  
  114  8:01  Overlord  
  114  8:04  Zergling x4  
  116  8:11  Zergling x6  
Tags
 
Add a new tag
Caveats
  • Supply blocks, unpowered buildings, or Contaminate may cause inaccurate times.
  • Supply counts are checked every 10 seconds.